 Dungeon Crawl Stone Soup version 0.31-a0-167-g1c394c0614 (webtiles) character file.

Game seed: 10509139464783412404

223320 zazu2006 the Impaler (level 19, 0/150 HPs)
             Began as a Gnoll Wanderer on June 14, 2023.
             Was the Champion of Vehumet.
             Killed by the air
             ... invoked by a wind drake
              (25 damage)
             ... on level 4 of the Shoals.
             The game lasted 02:48:00 (42401 turns).

zazu2006 the Impaler (Gnoll Wanderer)              Turns: 42401, Time: 02:48:01

Health: 0/150      AC: 17    Str: 15    XL:     19   Next: 26%
Magic:  19/37      EV: 23    Int: 16    God:    Vehumet [******]
Gold:   1547       SH: 20    Dex: 15    Spells: 21/46 levels left

rFire   + + .        t - +6 trident (freeze)
rCold   + + .        m - +2 shield of Resistance {rF++ rC++ Will++}
rNeg    + . .        c - +0 steam dragon scales
rPois   +            (no helmet)
rElec   .            r - +0 cloak
rCorr   .            e - +1 pair of gloves of the Baleful Hart {Regen+ Str+3 Stlth+}
SInv    +            y - +2 pair of boots {Fly}
Will    +++..        p - amulet of reflection
Stlth   +++++++      d - ring of poison resistance
HPRegen 1.25/turn    A - ring "Wiginy" {rN+ EV+5 SInv}
MPRegen 0.25/turn

%: reflection
@: flying, studying Polearms
A: fangs 1, strong nose, distributed training, iridescent scales 1, mutation
resistance 1
}: 1/15 runes: serpentine
a: Renounce Religion


You were on level 4 of the Shoals.
You worshipped Vehumet.
Vehumet was exalted by your worship.
You visited 5 branches of the dungeon, and saw 30 of its levels.
You also visited: Gauntlet.

You collected 2557 gold pieces.
You spent 1010 gold pieces at shops.

Inventory:

Hand Weapons
 t - a +6 trident of freezing (weapon)
 K - a +6 spear of flaming
 O - a +2 scimitar of flaming
 V - the +5 flail "Munez" {spect, Str+2 Dex+3}
   (You took it off a minotaur in a Gauntlet)

   Str:       It affects your strength (+2).
   Dex:       It affects your dexterity (+3).
Missiles
 s - a throwing net (quivered)
Armour
 c - +0 steam dragon scales (worn)
 e - the +1 pair of gloves of the Baleful Hart (worn) {Regen+ Str+3 Stlth+}
   (You bought it in a shop on level 2 of the Orcish Mines)

   Str:       It affects your strength (+3).
   Regen:     It increases your rate of health regeneration.
   Stlth:     It makes you more stealthy.
 m - the +2 shield of Resistance (worn) {rF++ rC++ Will++}
   (You found it on level 9 of the Dungeon)

   rF:        It greatly protects you from fire.
   rC:        It greatly protects you from cold.
   Will:      It greatly increases your willpower.
 r - a +0 cloak (worn)
 y - a +2 pair of boots of flying (worn)
 L - +0 acid dragon scales
Jewellery
 d - a ring of poison resistance (left hand)
 k - a ring of resist corrosion
 o - a ring of protection from cold
 p - an amulet of reflection (around neck)
 x - a ring of wizardry
 A - the ring "Wiginy" (right hand) {rN+ EV+5 SInv}
   (You found it on level 15 of the Dungeon)

   [ring of evasion]

   EV:        It affects your evasion (+5).
   rN:        It protects you from negative energy.
   SInv:      It lets you see invisible.
 M - a +6 ring of intelligence
 X - an amulet of regeneration
Wands
 n - a wand of digging (8)
 z - a wand of polymorph (16)
 B - a wand of mindburst (6)
 G - a wand of roots (29)
 I - a wand of light (9)
 Q - a wand of paralysis (31)
 W - a wand of flame (39)
Scrolls
 g - 2 scrolls of fog
 l - 2 scrolls of fear
 u - a scroll of silence
 w - 5 scrolls of teleportation
 C - 4 scrolls of noise
 H - 3 scrolls of revelation
 U - 5 scrolls of identify
 Y - 3 scrolls of poison
Potions
 a - 2 potions of resistance
 b - 6 potions of heal wounds
 f - 3 potions of lignification
 h - 9 potions of attraction
 i - 7 potions of might
 j - 9 potions of curing
 q - 9 potions of brilliance
 v - 7 potions of ambrosia
 D - a potion of berserk rage
 F - 4 potions of haste
 J - 2 potions of invisibility
 N - 2 potions of magic
 S - a potion of enlightenment
Miscellaneous
 E - a piece from Xom's chessboard (15/15)


   Skills:
 + Level 13.4 Fighting
 + Level 13.4 Short Blades
 + Level 13.4 Long Blades
 + Level 13.4 Axes
 + Level 13.4 Maces & Flails
 + Level 15.8 Polearms
 + Level 13.4 Staves
 + Level 13.4 Ranged Weapons
 + Level 13.4 Throwing
 + Level 13.4 Armour
 + Level 13.4 Dodging
 + Level 14.0 Stealth
 + Level 13.4 Shields
 + Level 13.4 Unarmed Combat
 + Level 14.2 Spellcasting
 + Level 11.3 Conjurations
 + Level 13.3 Hexes
 + Level 11.3 Summonings
 + Level 11.3 Necromancy
 + Level 11.3 Translocations
 + Level 11.3 Transmutations
 + Level 11.3 Fire Magic
 + Level 11.3 Ice Magic
 + Level 11.3 Air Magic
 + Level 12.0 Earth Magic
 + Level 11.3 Poison Magic
 + Level 14.5 Invocations
 + Level 13.4 Evocations


You had 21 spell levels left.
You knew the following spells:

 Your Spells              Type           Power      Damage    Failure   Level
a - Sandblast             Erth           98%        2d20      1%          1
b - Mephitic Cloud        Conj/Pois/Air  47%        N/A       1%          3
c - Stone Arrow           Conj/Erth      96%        3d13      1%          3
d - Airstrike             Air            23%        2d(4-20)  1%          4
e - Sticky Flame          Conj/Fire      47%        2d6       1%          4
f - Yara's Violent Unrav  Hex/Tmut       25%        3d11      1%          5
g - Lee's Rapid Deconstr  Erth           24%        3d13*     1%          5

Your spell library contained the following spells:

 Spells                   Type           Power      Damage    Failure   Level
 Ignition                 Fire           23%        3d8       83%         8
 Maxwell's Capacitive Co  Air            23%        ∞         83%         8
 Chain Lightning          Conj/Air       23%        3d31      100%        9
 Apportation              Tloc           94%        N/A       1%          1
 Kiss of Death            Conj/Necr      100%       2d13      1%          1
 Necrotise                Necr           100%       1d9       1%          1
 Slow                     Hex            100%       N/A       1%          1
 Summon Small Mammal      Summ           100%       N/A       1%          1
 Passwall                 Tmut/Erth      40%        N/A       1%          2
 Poisonous Vapours        Pois/Air       94%        N/A       1%          2
 Static Discharge         Conj/Air       94%        2-6/arc   1%          2
 Sublimation of Blood     Necr           47%        N/A       1%          2
 Confusing Touch          Hex            52%        N/A       1%          3
 Hailstorm                Conj/Ice       47%        3d11      1%          3
 Ozocubu's Armour         Ice            47%        N/A       1%          3
 Portal Projectile        Hex/Tloc       100%       N/A       1%          3
 Anguish                  Hex/Necr       25%        N/A       1%          4
 Dispel Undead            Necr           47%        3d18      1%          4
 Ice Form                 Ice/Tmut       47%        N/A       1%          4
 Petrify                  Tmut/Erth      48%        N/A       1%          4
 Summon Lightning Spire   Summ/Air       47%        N/A       1%          4
 Freezing Cloud           Conj/Ice/Air   23%        6-21      1%          5
 Irradiate                Conj/Tmut      23%        3d19      1%          5
 Iskenderun's Battlesphe  Conj           47%        2d10      1%          5
 Metabolic Englaciation   Hex/Ice        25%        N/A       1%          5
 Leda's Unmaking          Conj/Erth      24%        9d5       4%          6
 Statue Form              Tmut/Erth      32%        N/A       14%         6
 Simulacrum               Ice/Necr       23%        N/A       16%         6
 Orb of Destruction       Conj           23%        9d8       22%         7
 Ozocubu's Refrigeration  Ice            23%        4d12      22%         7


Dungeon Overview and Level Annotations

Branches:
Dungeon (15/15)            Temple (0/1) D:6            Lair (5/5) D:9
 Shoals (4/4) Lair:3        Snake (4/4) Lair:3        Slime (0/5) Lair:4
    Orc (2/2) D:11            Elf (0/3) Orc:2        Vaults (0/5) D:13
 Depths (0/4) D:15        Gauntlet (visited)

Altars:
Dithmenos
Fedhas
Hepliaklqana
Kikubaaqudgha
Makhleb
Nemelex Xobeh
Okawaru
Qazlal
Ru
Sif Muna
Vehumet
Zin
The Shining One

Shops:
D:7 *   D:15 ?   Orc:2 [!(?[*:!:   Shoals:1 ?*   Snake:1 [*   Snake:2 ([*:

Annotations:
D:5 2 transporters, AwFulAwFulPlayer's ghost, weakling OpDe
D:9 1 runed translucent door
Lair:1 3 runed translucent doors, Jovyluot's ghost, journeyman HOFi


Innate Abilities, Weirdness & Mutations

You have very sharp teeth.
Your uncanny sense of smell can sniff out nearby items.
Your experience applies equally to all skills.
You are partially covered in iridescent scales. (AC +2)
You are somewhat resistant to further mutation.


Message History

The stone arrow hits the merfolk avatar!
You kill the merfolk avatar!
Vehumet accepts your kill.
The merfolk javelineer throws a silver javelin.
The silver javelin pierces through you. The silver sears you!
The merfolk javelineer throws a silver javelin.
The silver javelin closely misses you.
The merfolk javelineer throws a silver javelin.
The silver javelin pierces through you!
* * * LOW HITPOINT WARNING * * *
The silver sears you!
* * * LOW HITPOINT WARNING * * *
There is a stone staircase leading up, spattered with blood here.
The merfolk javelineer throws a silver javelin.
The silver javelin pierces through you!
* * * LOW HITPOINT WARNING * * *
The silver sears you!
* * * LOW HITPOINT WARNING * * *
The wind drake exhales a fierce blast of wind!
You stop ascending the stairs.
You are knocked back by the gust of wind.
Found a lightning rod (4/4).
There are monsters nearby!
Unknown command.
The merfolk javelineer throws a silver javelin.
The silver javelin closely misses you.
Casting: Stone Arrow (safe; 1% risk of failure)
Confirm with . or Enter, or press ? or * to list all spells.
Aiming: Mephitic Cloud (safe; 1% risk of failure)
Press: ? - help, Shift-Dir - straight line, f - merfolk javelineer
Aim: a merfolk javelineer, wielding a +6 heavy spear, wearing a +0 leather armour and quivering silver javelins (chance to affect: 39%)
The ball explodes into a vile cloud!
The stinking cloud engulfs the merfolk javelineer but does no damage.
The merfolk javelineer is engulfed in noxious fumes.
The merfolk javelineer throws a silver javelin.
The silver javelin closely misses you.
Unknown command.
The wind drake flaps its wings at you. The air twists around and strikes you!!
You die...

≈≈≈≈≈≈≈≈~~~~~##~~ #~~§~≈≈≈
~~~~~~≈≈≈≈≈≈≈†~~~~~#~~~ #~~~≈≈≈≈
~≈≈~~~~~≈≈≈≈~~~~~~~'~ ∆ #~~≈≈≈≈≈
≈≈≈~~~~~~~~~~~~~~~~# #ww≈≈≈≈≈
≈≈≈~~~~~~~~~~~~()..## ##≈≈≈≈≈≈≈
≈~~~~~~~~~~~~~).....#####≈≈≈≈≈≈≈≈
≈~~~~~..~~~~~~k.....~~~~≈≈≈≈≈≈≈≈≈
≈~~~~~..~~~~~..<....~~~~≈≈≈≈≈≈≈≈≈
≈~~~~~..~~~~~...@.○.☼~~#####≈≈≈≈≈
≈~~~~~~~~~~~~.....§m.~## ##≈≈≈≈
≈~~~~~.~~~~~~.....○☼§~# #≈≈≈≈
##~~~~~~~~~~~.......~~'~~} #≈≈≈≈
##~~~~~~~~~~.....~~~~#~~~ #≈≈≈≈
#≈~~~~~~~~~~.~~~~~~~##~~ ##≈≈≈≈
#≈≈~~~~~~~~~~~~~~~~~≈#####≈≈≈≈≈
#≈≈~~~~~~~~~~~~~~~≈≈≈≈≈≈≈≈≈≈≈≈≈
##~~~~~..~~~~~~~~~≈≈≈≈≈≈≈≈≈≈≈≈≈≈


You could see a merfolk javelineer and a wind drake (repels missiles, catching
breath).

Vanquished Creatures
  Rupert (D:13)
  Jorgrun (Shoals:1)
  Asterion (Snake:1)
  Frances (Shoals:2)
  2 krakens (Shoals:2)
  Donald (Shoals:1)
  The ghost of Woigomae the Fighter, an adept OpVM of Vehumet (Snake:3)
  8 nagarajas
  Ilsuiw (Shoals:2)
  Roxanne (Snake:1)
  An orc warlord (Orc:2)
  A formless jellyfish (Shoals:4)
  A stone giant (D:15)
  A minotaur (Gauntlet)
  6 merfolk impalers
  A merfolk javelineer (Shoals:4)
  2 fire dragons (D:9)
  3 ice dragons
  3 salamander tyrants
  3 hydras
  9 centaur warriors
  4 merfolk avatars
  4 vault guards
  6 boulder beetles
  2 catoblepae
  8 anacondas
  8 naga warriors
  An ogre mage (D:15)
  An alligator snapping turtle (Shoals:2)
  5 merfolk aquamancers
  5 two-headed ogres
  14 death yaks
  4 tengu warriors
  A deep troll shaman (Lair:5)
  4 orc high priests (Orc:2)
  9 shock serpents
  18 naga sharpshooters
  Nergalle (Lair:3)
  7 skysharks
  4 skeletal warriors (D:13)
  A fire crab (Gauntlet)
  17 sea snakes
  5 salamander mystics
  12 naga ritualists
  18 harpies
  A wizard (D:14)
  3 orc knights (Orc:2)
  4 fauns (Shoals:3)
  A salamander (shapeshifter) (D:13)
  13 mana vipers
  5 cyclopes
  An oklob plant (Lair:2)
  4 orc sorcerers (Orc:2)
  11 manticores
  15 ugly things
  8 salamanders
  Maurice (D:9)
  17 naga magi
  An ice statue (D:15)
  5 water nymphs
  11 merfolk sirens
  51 black mambas
  9 elephants
  5 torpor snails
  4 guardian serpents
  An unseen horror (D:10)
  Maggie (D:9)
  8 cane toads
  2 gargoyles (D:10)
  3 rime drakes
  6 komodo dragons
  6 yaktaurs (D:15)
  A kobold demonologist (D:10)
  A tengu conjurer (D:14)
  A yaktaur (shapeshifter) (D:15)
  An efreet (D:13)
  33 merfolk
  A meliai (shapeshifter) (D:13)
  4 trolls
  A wind drake (shapeshifter) (D:14)
  11 blink frogs
  4 wind drakes
  8 polar bears
  Prince Ribbit (D:5)
  2 snapping turtles (Shoals:3)
  23 slime creatures
  6 shadows
  2 wraiths
  4 water elementals
  4 fire bats (Gauntlet)
  A vampire (D:12)
  6 spriggans
  6 wyverns
  6 basilisks
  44 yaks
  3 steam dragons (D:8)
  2 humans (D:7)
  7 vampire mosquitoes
  2 wargs
  20 nagas
  Edmund (D:6)
  14 water moccasins
  3 acid dragons
  21 orc warriors
  5 black bears
  A black bear (shapeshifter) (D:13)
  A sky beast (D:8)
  6 ice beasts
  15 centaurs
  9 ogres
  22 wolves
  3 phantoms
  3 kobold brigands
  5 gnoll sergeants
  10 bullfrogs
  2 scorpions
  12 wights
  A troll zombie (D:11)
  13 killer bees
  A howler monkey (D:11)
  3 electric eels (D:10)
  4 hounds
  3 jellies (D:7)
  12 orc priests
  4 gnoll boudas
  Jessica (D:2)
  A sleepcap (D:5)
  2 iguanas
  25 orc wizards
  A hell rat (Lair:3)
  5 ogre zombies (D:11)
  6 adders
  53 gnolls
  2 shadow imps
  3 white imps (D:15)
  A dart slug (D:2)
  A worm (D:2)
  68 orcs
  9 ball pythons
  5 bats
  11 endoplasms
  5 giant cockroaches
  6 goblins
  3 hobgoblins
  8 jackals (D:7)
  A quokka (D:1)
  A frilled lizard (D:2)
  A goblin skeleton (D:11)
  A hobgoblin skeleton (D:11)
  2 hobgoblin zombies (D:11)
  20 kobolds
  4 orc skeletons (D:11)
  11 orc zombies (D:11)
  5 rats
  4 tentacles (Shoals:2)
1050 creatures vanquished.

Vanquished Creatures (collateral kills)
  A green death (Gauntlet)
  An orange demon (Gauntlet)
  A killer bee (D:9)
3 creatures vanquished.

Vanquished Creatures (others)
  An orange demon (Gauntlet)
  A merfolk (Shoals:3)
  2 electric eels
  19 spectral weapons
  73 tentacles
96 creatures vanquished.

Grand Total: 1149 creatures vanquished

Notes
Turn   | Place    | Note
-------+----------+-------------------------------------------
     0 | D:1      | zazu2006 the Gnoll Wanderer began the quest for the Orb.
     0 | D:1      | zazu2006 set off with the following items: a +0 dagger, a
                  | potion of heal wounds, a +0 robe, a +0 cloak; and the
                  | following spells available to memorise: Slow, Sandblast,
                  | Portal Projectile, Stone Arrow, Anguish.
     0 | D:1      | Reached XP level 1. HP: 13/13 MP: 6/6
     2 | D:1      | Learned a level 1 spell: Sandblast
   100 | D:1      | Reached XP level 2. HP: 19/19 MP: 5/7
   781 | D:2      | Reached skill level 5 in Spellcasting
   781 | D:2      | Reached XP level 3. HP: 25/25 MP: 5/9
   876 | D:2      | Noticed Jessica
   879 | D:2      | Killed Jessica
   880 | D:2      | Reached skill level 1 in Fighting
   880 | D:2      | Reached skill level 1 in Short Blades
   880 | D:2      | Reached skill level 1 in Long Blades
   880 | D:2      | Reached skill level 1 in Axes
   880 | D:2      | Reached skill level 1 in Maces & Flails
   880 | D:2      | Reached skill level 1 in Polearms
   880 | D:2      | Reached skill level 1 in Staves
   880 | D:2      | Reached skill level 1 in Ranged Weapons
   880 | D:2      | Reached skill level 1 in Throwing
   880 | D:2      | Reached skill level 1 in Armour
   880 | D:2      | Reached skill level 1 in Dodging
   880 | D:2      | Reached skill level 1 in Shields
   880 | D:2      | Reached skill level 1 in Unarmed Combat
   880 | D:2      | Reached skill level 1 in Invocations
   880 | D:2      | Reached skill level 1 in Evocations
   880 | D:2      | Reached XP level 4. HP: 28/32 MP: 6/11
  1272 | D:2      | Reached skill level 1 in Conjurations
  1272 | D:2      | Reached skill level 1 in Summonings
  1272 | D:2      | Reached skill level 1 in Necromancy
  1272 | D:2      | Reached skill level 1 in Translocations
  1272 | D:2      | Reached skill level 1 in Transmutations
  1272 | D:2      | Reached skill level 1 in Fire Magic
  1272 | D:2      | Reached skill level 1 in Ice Magic
  1272 | D:2      | Reached skill level 1 in Air Magic
  1272 | D:2      | Reached skill level 1 in Poison Magic
  1738 | D:3      | Found a hazy altar of Hepliaklqana.
  1739 | D:3      | Found a burning altar of Makhleb.
  1747 | D:3      | Found a blossoming altar of Fedhas.
  1928 | D:3      | Reached XP level 5. HP: 37/37 MP: 8/12
  2018 | D:3      | Found a glowing golden altar of the Shining One.
  2021 | D:3      | Found a radiant altar of Vehumet.
  2083 | D:4      | Noticed a phantom
  2614 | D:3      | Became a worshipper of Vehumet
  2767 | D:4      | Reached XP level 6. HP: 44/44 MP: 10/13
  2972 | D:4      | Reached skill level 2 in Polearms
  3196 | D:4      | Found a stormy altar of Qazlal.
  3254 | D:5      | Entered Level 5 of the Dungeon
  3312 | D:5      | Reached XP level 7. HP: 51/51 MP: 11/15
  3458 | D:5      | Reached skill level 5 in Stealth
  3480 | D:5      | Noticed Prince Ribbit
  3506 | D:5      | Killed Prince Ribbit
  3748 | D:5      | Reached skill level 3 in Polearms
  3748 | D:5      | Reached XP level 8. HP: 33/58 MP: 16/16
  3855 | D:5      | Found a transporter.
  3855 | D:5      | Noticed AwFulAwFulPlayer's ghost (weakling OpDe)
  3865 | D:5      | Found a transporter.
  4086 | D:5      | Reached * piety under Vehumet
  4086 | D:5      | Offered knowledge of Magic Dart by Vehumet.
  4091 | D:5      | Learned a level 3 spell: Mephitic Cloud
  4731 | D:6      | Found a sparkling altar of Nemelex Xobeh.
  5103 | D:6      | Reached skill level 5 in Earth Magic
  5196 | D:6      | Reached XP level 9. HP: 59/65 MP: 14/18
  5311 | D:6      | Found a shadowy altar of Dithmenos.
  5327 | D:6      | Found a staircase to the Ecumenical Temple.
  5485 | D:6      | Noticed Edmund
  5523 | D:6      | Killed Edmund
  5524 | D:6      | Reached skill level 4 in Polearms
  5978 | D:6      | Learned a level 3 spell: Stone Arrow
  6197 | D:7      | Offered knowledge of Freeze by Vehumet.
  6282 | D:7      | Reached ** piety under Vehumet
  6283 | D:7      | Reached skill level 5 in Invocations
  6308 | D:7      | Found an iron altar of Okawaru.
  6418 | D:7      | Found Reosana's General Store.
  6428 | D:7      | Bought a scroll of noise for 16 gold pieces
  6428 | D:7      | Bought a potion of curing for 48 gold pieces
  6655 | D:7      | Reached skill level 5 in Fighting
  6655 | D:7      | Reached skill level 5 in Short Blades
  6655 | D:7      | Reached skill level 5 in Long Blades
  6655 | D:7      | Reached skill level 5 in Axes
  6655 | D:7      | Reached skill level 5 in Maces & Flails
  6655 | D:7      | Reached skill level 5 in Polearms
  6655 | D:7      | Reached skill level 5 in Staves
  6655 | D:7      | Reached skill level 5 in Ranged Weapons
  6655 | D:7      | Reached skill level 5 in Throwing
  6655 | D:7      | Reached skill level 5 in Armour
  6655 | D:7      | Reached skill level 5 in Dodging
  6655 | D:7      | Reached skill level 5 in Shields
  6655 | D:7      | Reached skill level 5 in Unarmed Combat
  6655 | D:7      | Reached skill level 5 in Evocations
  6655 | D:7      | Reached XP level 10. HP: 39/74 MP: 8/20
  6880 | D:7      | Offered knowledge of Inner Flame by Vehumet.
  7086 | D:7      | Found a sacrificial altar of Ru.
  7165 | D:7      | Reached *** piety under Vehumet
  7326 | D:7      | Learned a level 4 spell: Airstrike
  7757 | D:8      | Offered knowledge of Fulminant Prism by Vehumet.
  8522 | D:9      | Noticed Maggie
  8566 | D:9      | Killed Maggie
  8607 | D:8      | Reached skill level 6 in Polearms
  8754 | D:8      | Reached skill level 5 in Conjurations
  8754 | D:8      | Reached skill level 5 in Summonings
  8754 | D:8      | Reached skill level 5 in Necromancy
  8754 | D:8      | Reached skill level 5 in Translocations
  8754 | D:8      | Reached skill level 5 in Transmutations
  8754 | D:8      | Reached skill level 5 in Fire Magic
  8754 | D:8      | Reached skill level 5 in Ice Magic
  8754 | D:8      | Reached skill level 5 in Air Magic
  8754 | D:8      | Reached skill level 5 in Poison Magic
  8754 | D:8      | Reached XP level 11. HP: 56/81 MP: 22/22
  9040 | D:9      | Found the +2 shield of Resistance {rF++ rC++ Will++}
  9041 | D:9      | Found a runed translucent door.
  9041 | D:9      | Noticed a fire dragon
  9041 | D:9      | Noticed a fire dragon
  9042 | D:9      | Noticed an ice dragon
  9042 | D:9      | Noticed an ice dragon
  9057 | D:9      | Found a runed translucent door.
  9222 | D:9      | Reached **** piety under Vehumet
  9256 | D:9      | Offered knowledge of Sticky Flame by Vehumet.
  9634 | D:9      | Noticed Maurice
  9647 | D:9      | Killed Maurice
  9737 | D:9      | Found a staircase to the Lair.
 10190 | D:9      | Learned a level 4 spell: Sticky Flame
 10221 | D:10     | Entered Level 10 of the Dungeon
 10292 | D:10     | Found a shimmering blue altar of Sif Muna.
 10757 | D:10     | Noticed a two-headed ogre
 10782 | D:10     | Killed a two-headed ogre
 11565 | D:11     | Noticed a cyclops
 11580 | D:11     | Killed a cyclops
 11581 | D:11     | Reached skill level 7 in Polearms
 11721 | D:11     | Found a staircase to the Orcish Mines.
 11947 | D:11     | Reached XP level 12. HP: 74/91 MP: 22/24
 12030 | D:11     | Reached ***** piety under Vehumet
 12285 | D:11     | Offered knowledge of Flame Wave by Vehumet.
 12608 | D:11     | Found a blossoming altar of Fedhas.
 12734 | D:11     | Noticed a boulder beetle
 12743 | D:11     | Killed a boulder beetle
 13129 | Orc:1    | Entered Level 1 of the Orcish Mines
 13217 | Orc:2    | Entered Level 2 of the Orcish Mines
 13217 | Orc:2    | Found a staircase to the Elven Halls.
 13548 | Orc:2    | Found Nusk's Magic Scroll Boutique.
 14083 | Orc:2    | Found Kianiusch's Distillery.
 14368 | Orc:2    | Found Vugruf's Book Shoppe.
 14391 | Orc:2    | Found Guluiw's Distillery.
 14399 | Orc:2    | Bought a potion of degeneration for 13 gold pieces
 14399 | Orc:2    | Bought a potion of heal wounds for 65 gold pieces
 14446 | Orc:2    | Noticed an orc warlord
 14525 | Orc:2    | Killed an orc warlord
 14598 | Orc:2    | Noticed an orc high priest
 14630 | Orc:2    | Killed an orc high priest
 14782 | Orc:2    | Noticed an orc high priest
 14830 | Orc:2    | Reached skill level 8 in Polearms
 15045 | Orc:2    | Offered knowledge of Eringya's Noxious Bog by Vehumet.
 15078 | Orc:2    | Killed an orc high priest
 15101 | Orc:2    | Noticed an orc high priest
 15135 | Orc:2    | Noticed an orc high priest
 15353 | Orc:2    | Reached XP level 13. HP: 98/98 MP: 24/26
 15440 | Orc:2    | Gained mutation: You are weak. (Str -2) [a neqoxec]
 15451 | Orc:2    | Found Wappual's Antique Armour Shop.
 15451 | Orc:2    | Found Riecio's Antique Weapon Shop.
 15486 | Orc:2    | Found Riheis's General Store.
 15486 | Orc:2    | Found Iziemen's Book Boutique.
 15587 | Orc:2    | Found Maoxueg's Armour Emporium.
 15684 | Orc:2    | Bought a scroll of teleportation for 33 gold pieces
 15807 | Orc:2    | Bought a pair of pitted gloves for 285 gold pieces
 15807 | Orc:2    | Identified the +1 pair of gloves of the Baleful Hart
                  | {Regen+ Str+3 Stlth+} (You bought it in a shop on level 2
                  | of the Orcish Mines)
 16033 | Lair:1   | Entered Level 1 of the Lair of Beasts
 16073 | Lair:1   | Reached skill level 10 in Hexes
 16217 | Lair:1   | Found a runed translucent gate.
 16218 | Lair:1   | Found a runed translucent gate.
 16219 | Lair:1   | Found a runed translucent gate.
 16219 | Lair:1   | Noticed Jovyluot's ghost (journeyman HOFi)
 17359 | Lair:2   | Identified the +1 scale mail "Jyrec" {rPois Int+3}
 17567 | Lair:2   | Reached skill level 10 in Spellcasting
 18952 | Lair:3   | Found an iron altar of Okawaru.
 19027 | Lair:3   | Reached skill level 9 in Polearms
 19032 | Lair:3   | Reached skill level 10 in Stealth
 19183 | Lair:3   | Noticed Nergalle
 19190 | Lair:3   | Killed Nergalle
 19390 | Lair:3   | Found a staircase to the Snake Pit.
 19394 | Lair:3   | Found a staircase to the Shoals.
 19446 | Lair:3   | Reached skill level 10 in Invocations
 19446 | Lair:3   | Reached XP level 14. HP: 108/108 MP: 18/28
 20733 | Lair:4   | Found a staircase to the Slime Pits.
 21054 | Lair:3   | Offered knowledge of Yara's Violent Unravelling by Vehumet.
 21061 | Lair:3   | Learned a level 5 spell: Yara's Violent Unravelling
 21507 | Lair:5   | Entered Level 5 of the Lair of Beasts
 21927 | Lair:5   | Found an ancient bone altar of Kikubaaqudgha.
 22068 | Lair:5   | Lost mutation: You are weak. (Str -2) [potion of mutation]
 22068 | Lair:5   | Gained mutation: You are somewhat resistant to further
                  | mutation. [potion of mutation]
 22068 | Lair:5   | Gained mutation: You are partially covered in iridescent
                  | scales. (AC +2) [potion of mutation]
 23125 | Lair:5   | Reached skill level 10 in Fighting
 23125 | Lair:5   | Reached skill level 10 in Short Blades
 23125 | Lair:5   | Reached skill level 10 in Long Blades
 23125 | Lair:5   | Reached skill level 10 in Axes
 23125 | Lair:5   | Reached skill level 10 in Maces & Flails
 23125 | Lair:5   | Reached skill level 10 in Polearms
 23125 | Lair:5   | Reached skill level 10 in Staves
 23125 | Lair:5   | Reached skill level 10 in Ranged Weapons
 23125 | Lair:5   | Reached skill level 10 in Throwing
 23125 | Lair:5   | Reached skill level 10 in Armour
 23125 | Lair:5   | Reached skill level 10 in Dodging
 23125 | Lair:5   | Reached skill level 10 in Shields
 23125 | Lair:5   | Reached skill level 10 in Unarmed Combat
 23125 | Lair:5   | Reached skill level 10 in Evocations
 23232 | Lair:5   | Identified the ring "Zusa" {Fire Will+ Int-3 Dex+5}
 23730 | Orc:2    | Bought a jewelled long sword for 170 gold pieces
 23730 | Orc:2    | Identified the +0 long sword "Joru" {spect, rF+ Will-
                  | Dex+4} (You bought it in a shop on level 2 of the Orcish
                  | Mines)
 23731 | Orc:2    | Bought a smoking hand axe for 160 gold pieces
 23731 | Orc:2    | Identified the +7 hand axe "Cuwkid" {freeze, Fragile +Blink
                  | rF+ Int+8} (You bought it in a shop on level 2 of the
                  | Orcish Mines)
 23946 | D:12     | Reached XP level 15. HP: 68/115 MP: 22/30
 23990 | D:12     | Identified the +4 ring mail "Deanwan" {Will+ Str+3 Int-3}
 25384 | D:13     | Found a gate to the Vaults.
 25397 | D:13     | Found a gate leading to a gauntlet.
 25406 | Gauntlet | Entered a Gauntlet
 25406 | Gauntlet | Found a transporter.
 25406 | Gauntlet | Found a transporter.
 25435 | Gauntlet | Found a transporter.
 25438 | Gauntlet | Found a transporter.
 25448 | Gauntlet | Found a transporter.
 25450 | Gauntlet | Found a transporter.
 25458 | Gauntlet | Found a transporter.
 25477 | Gauntlet | Found a transporter.
 25491 | Gauntlet | Found a transporter.
 25495 | Gauntlet | Found a transporter.
 25504 | Gauntlet | Found a transporter.
 25507 | Gauntlet | Found a transporter.
 25554 | Gauntlet | Identified the staff of earth "Ymurybol" {Fly rN++ Str+3}
 25731 | Gauntlet | Identified the staff of poison "Rainkat" {rPois rC- rN++
                  | Will+ Int+2}
 25784 | Gauntlet | Identified the +2 pair of gloves "Ziackya" {rC+ Int+2}
 25836 | Gauntlet | Identified the +5 flail "Munez" {spect, Str+2 Dex+3}
 25860 | Gauntlet | Identified the staff of air "Piamabezy" {rElec Will+}
 26420 | D:13     | Noticed Rupert
 26441 | D:13     | Killed Rupert
 26533 | D:12     | Offered knowledge of Lee's Rapid Deconstruction by Vehumet.
 26553 | D:12     | Learned a level 5 spell: Lee's Rapid Deconstruction
 27064 | D:13     | Reached skill level 11 in Polearms
 27865 | D:12     | Reached skill level 10 in Earth Magic
 27919 | D:13     | Reached XP level 16. HP: 124/124 MP: 30/32
 28308 | D:15     | Entered Level 15 of the Dungeon
 28516 | D:15     | Found a staircase to the Depths.
 28919 | D:15     | Reached skill level 12 in Polearms
 29000 | D:15     | Identified the ring "Wiginy" {rN+ EV+5 SInv}
 29008 | D:15     | Got the Papyrus of Power
 29434 | D:15     | Found Laloeb's Magic Scroll Shoppe.
 29564 | D:15     | Found a glowing silver altar of Zin.
 29902 | Snake:1  | Entered Level 1 of the Snake Pit
 29911 | Snake:1  | Identified the orb of Good Intentions {guile, rElec rPois
                  | Str-4 Int+3}
 30163 | Snake:1  | Identified Roxanne's Opusculum on the Quarry
 30163 | Snake:1  | Noticed Roxanne
 30166 | Snake:1  | Noticed Asterion
 30198 | Snake:1  | Killed Asterion
 30442 | Snake:1  | Found Papueq's Mass Market.
 30559 | Snake:1  | Offered knowledge of Irradiate by Vehumet.
 30626 | Snake:1  | Found Wekeizis's Antique Armour Emporium.
 30629 | Snake:1  | Bought a pitted scarf for 220 gold pieces
 30629 | Snake:1  | Identified the scarf "Gowo" {harm, *Corrode rPois rC++ rN+}
                  | (You bought it in a shop on level 1 of the Snake Pit)
 30998 | Snake:1  | Killed Roxanne
 31188 | Snake:2  | Noticed a nagaraja
 31297 | Snake:2  | Killed a nagaraja
 31436 | Snake:2  | Found Wisuipso's Book Emporium.
 31443 | Snake:2  | Found Xuanwuli's Assorted Antiques.
 31443 | Snake:2  | Found Raschouf's Armour Shoppe.
 31598 | Snake:2  | Found Zat Poxt's Antique Weapon Shoppe.
 31635 | Snake:2  | Reached XP level 17. HP: 101/133 MP: 25/33
 32001 | Snake:3  | Reached skill level 13 in Polearms
 32094 | Snake:3  | Reached skill level 10 in Conjurations
 32094 | Snake:3  | Reached skill level 10 in Summonings
 32094 | Snake:3  | Reached skill level 10 in Necromancy
 32094 | Snake:3  | Reached skill level 10 in Translocations
 32094 | Snake:3  | Reached skill level 10 in Transmutations
 32094 | Snake:3  | Reached skill level 10 in Fire Magic
 32094 | Snake:3  | Reached skill level 10 in Ice Magic
 32094 | Snake:3  | Reached skill level 10 in Air Magic
 32094 | Snake:3  | Reached skill level 10 in Poison Magic
 32857 | Snake:3  | Found a runed translucent door.
 32857 | Snake:3  | Noticed Woigomae's ghost (adept OpVM)
 32881 | Snake:3  | Killed Woigomae's ghost
 33580 | Snake:3  | Identified the +5 ring mail of the World {*Slow rN+++ Int+2
                  | Dex+3}
 33770 | Snake:4  | Entered Level 4 of the Snake Pit
 33813 | Snake:4  | Offered knowledge of Starburst by Vehumet.
 34452 | Snake:3  | Reached skill level 14 in Polearms
 35043 | Snake:4  | Reached XP level 18. HP: 132/141 MP: 35/35
 35887 | Snake:4  | Got a serpentine rune of Zot
 36088 | Snake:4  | Offered knowledge of Plasma Beam by Vehumet.
 36500 | Shoals:1 | Entered Level 1 of the Shoals
 36500 | Shoals:1 | Found Poudor's Practical Paraphernalia.
 36715 | Shoals:1 | Identified the +0 kite shield of Words of Power {Int+5}
 36715 | Shoals:1 | Noticed Donald
 36736 | Shoals:1 | Killed Donald
 37299 | Shoals:1 | Noticed Jorgrun
 37328 | Shoals:1 | Killed Jorgrun
 37765 | Shoals:1 | Found Ximina's Magic Scroll Shop.
 37858 | Shoals:2 | Noticed Ilsuiw
 38208 | Shoals:2 | Killed Ilsuiw
 38631 | Shoals:2 | Noticed Frances
 38665 | Shoals:2 | Killed Frances
 38666 | Shoals:2 | Reached skill level 15 in Polearms
 38669 | Shoals:2 | Identified the +3 morningstar of the Wraith {heavy, rPois
                  | rF+ Str+3 Stlth-}
 41251 | Shoals:4 | Entered Level 4 of the Shoals
 41309 | Shoals:4 | Reached XP level 19. HP: 117/149 MP: 22/37
 41482 | Shoals:4 | Reached ****** piety under Vehumet
 42245 | Shoals:3 | Offered knowledge of Chain Lightning by Vehumet.
 42245 | Shoals:3 | Offered knowledge of Ignition by Vehumet.
 42245 | Shoals:3 | Offered knowledge of Maxwell's Capacitive Coupling by
                  | Vehumet.
 42401 | Shoals:4 | Killed from afar by a wind drake

Illustrated notes

Levels and vault maps discovered:
D:1:      psy_arrival_radial02, layout_basic
D:2:      layout_basic, uniq_jessica
D:3:      layout_rooms, nicolae_overflow_hidden_temple
D:4:      layout_basic, mainiacjoe_overflow_boulevard, serial_glass,
          glass_columns_a, glass_columns_a, glass_columns_a, glass_columns_a,
          glass_columns_b, glass_columns_b, glass_columns_a, glass_columns_a
D:5:      layout_basic, gammafunk_ghost_smash, serial_glass, glass_columns_b,
          glass_columns_b, glass_columns_b, glass_columns_a, glass_columns_c,
          glass_columns_c, glass_columns_b, glass_columns_c, glass_columns_a,
          glass_columns_b, glass_columns_c, glass_columns_a, glass_columns_a,
          glass_columns_a, uniq_prince_ribbit1
D:6:      layout_basic, old_standard_altar, nemelex_dance_club_becter,
          minmay_temple_entry_tees, dreamdust_mushroom_princess,
          minmay_misc_feat_tower, chequers_serial_rivers_micro_c, uniq_edmund
D:7:      layout_cave_pools, nicolae_ru_awakened_eye, okawaru_humans,
          serial_gnoll_camp, gnoll_camp_mini_shop, gnoll_camp_huts_moat,
          gnoll_camp_mini_loothouse, gnoll_camp_medium_02
D:8:      layout_basic
D:9:      layout_loops_ring, david_lair_shrubbed,
          minmay_guarded_unrand_resistance, uniq_maggie, uniq_maurice
D:10:     minmay_angry_zag, layout_basic, mainiacjoe_overflow_chevrons,
          serial_bayou_lake_a
D:11:     cheibrodos_helix_gallery, layout_loops_corners, zombieorc1_lemuel,
          fedhas_altar_1
D:12:     layout_roguey
D:13:     layout_gridville, lightli_vaults_fourway_checkpoint,
          gauntlet_entry_generic, uniq_rupert
D:14:     layout_cave_pools, minmay_fountain_box
D:15:     grunt_enter_depths_snipers, layout_loops_ring, serial_shops, shop,
          zin_angel, ice2_lemuel
Lair:1:   beast_lair_carwin_large_2, layout_cave_pods,
          gammafunk_ghost_hydra_chop, nicolae_quartered_pool_little
Lair:2:   layout_cave_pods
Lair:3:   layout_regular_city, elwin_shoals_entry_stream, dummy_snake_entry,
          basic_altar, hangedman_lair_generics_rect, infiniplex_staircase_pool,
          serial_bayou_shore_b, uniq_nergalle
Lair:4:   layout_hall_layers, slime_entry_1, wad_woods_01
Lair:5:   grunt_lair_end_beastmaster, layout_hall_layers, basic_altar,
          chequers_serial_rivers_micro_b, lemuel_fruit_fields
Shoals:1: layout_shoals, serial_shops, nicolae_shop_rolled_up,
          nicolae_alphabet_shops, uniq_donald, uniq_jorgrun
Shoals:2: layout_shoals, uniq_ilsuiw, uniq_frances
Shoals:3: layout_shoals
Shoals:4: shoals_end_simple, layout_shoals
Snake:1:  layout_rooms, serial_shops, shop, minmay_shop_mass, uniq_asterion,
          uniq_roxanne
Snake:2:  nicolae_snake_nest, layout_onion_interference, lemuel_fruit_tree,
          minmay_shoptagon
Snake:3:  layout_chambers, hellmonk_ghost_happy_afterlife, drop_trap,
          nicolae_snake_snakewalk
Snake:4:  snake_pit, layout_cave_shapes, serial_bayou_shore_a
Orc:1:    layout_diamond_mine, uniq_gastronok, uniq_snorg
Orc:2:    st_orc_congregation, layout_diamond_mine, serial_shops,
          nicolae_shop_window_shopping, shop, shop, nicolae_lakefront_shop,
          nicolae_shop_pleasant_corner_grove, mines2_david

Skill      XL: |  1  2  3  4  5  6  7  8  9 10 11 12 13 14 15 16 17 18 19 |
---------------+----------------------------------------------------------+-----
Spellcasting   | 5 6 7 8 9 10 11 12 13 14 | 14.2
Fighting       | 1 2 3 5 6 7 8 9 10 11 12 13 | 13.4
Short Blades   | 1 2 3 5 6 7 8 9 10 11 12 13 | 13.4
Long Blades    | 1 2 3 5 6 7 8 9 10 11 12 13 | 13.4
Axes           | 1 2 3 5 6 7 8 9 10 11 12 13 | 13.4
Maces & Flails | 1 2 3 5 6 7 8 9 10 11 12 13 | 13.4
Polearms       | 1 2 3 5 6 7 8 9 10 11 12 14 15 | 15.8
Staves         | 1 2 3 5 6 7 8 9 10 11 12 13 | 13.4
Ranged Weapons | 1 2 3 5 6 7 8 9 10 11 12 13 | 13.4
Throwing       | 1 2 3 5 6 7 8 9 10 11 12 13 | 13.4
Armour         | 1 2 3 5 6 7 8 9 10 11 12 13 | 13.4
Dodging        | 1 2 3 5 6 7 8 9 10 11 12 13 | 13.4
Shields        | 1 2 3 5 6 7 8 9 10 11 12 13 | 13.4
Unarmed Combat | 1 2 3 5 6 7 8 9 10 11 12 13 | 13.4
Invocations    | 1 2 3 4 5 6 7 8 10 11 12 13 14 | 14.5
Evocations     | 1 2 3 5 6 7 8 9 10 11 12 13 | 13.4
Conjurations   | 1 2 3 4 5 6 7 8 9 10 11 | 11.3
Summonings     | 1 2 3 4 5 6 7 8 9 10 11 | 11.3
Necromancy     | 1 2 3 4 5 6 7 8 9 10 11 | 11.3
Translocations | 1 2 3 4 5 6 7 8 9 10 11 | 11.3
Transmutations | 1 2 3 4 5 6 7 8 9 10 11 | 11.3
Fire Magic     | 1 2 3 4 5 6 7 8 9 10 11 | 11.3
Ice Magic      | 1 2 3 4 5 6 7 8 9 10 11 | 11.3
Air Magic      | 1 2 3 4 5 6 7 8 9 10 11 | 11.3
Poison Magic   | 1 2 3 4 5 6 7 8 9 10 11 | 11.3
Earth Magic    | 4 5 6 7 8 9 10 11 12 | 12.0
Stealth        | 5 6 7 8 9 10 11 12 13 14 | 14.0
Hexes          | 8 9 10 11 12 13 | 13.3

Action                     |  1- 3 |  4- 6 |  7- 9 | 10-12 | 13-15 | 16-18 | 19-21 || total
---------------------------+-------+-------+-------+-------+-------+-------+-------++-------
  Melee: Dagger            |     2 |    58 |   185 |   791 |   275 |       |       ||  1311
         Bite              |       |     7 |    31 |   128 |   223 |   298 |    29 ||   716
         Punch             |       |     1 |     9 |     5 |       |       |       ||    15
         Unarmed           |       |       |     9 |       |    12 |     6 |       ||    27
         Long sword        |       |       |       |    98 |   701 |       |       ||   799
         Flail             |       |       |       |       |   231 |  1255 |       ||  1486
         Spear             |       |       |       |       |    71 |    42 |       ||   113
         Trident           |       |       |       |       |       |   325 |   215 ||   540
  Throw: Dart              |       |       |     4 |     3 |       |       |       ||     7
   Cast: Sandblast         |    33 |    65 |   150 |   141 |    50 |       |     1 ||   440
         Mephitic Cloud    |       |       |    14 |   104 |    86 |    59 |    21 ||   284
         Stone Arrow       |       |       |       |    31 |   158 |   220 |    23 ||   432
         Airstrike         |       |       |       |    17 |     7 |    15 |       ||    39
         Sticky Flame      |       |       |       |       |   103 |    96 |     7 ||   206
         Lee's Rapid Decon |       |       |       |       |       |    10 |       ||    10
         Yara's Violent Un |       |       |       |       |       |     3 |       ||     3
    Use: Scroll            |       |     4 |     1 |    12 |    10 |     8 |     2 ||    37
         Potion            |       |       |       |       |     1 |     2 |       ||     3
   Stab: Sleeping          |     1 |     1 |     7 |    18 |    10 |    22 |       ||    59
         Confused          |       |       |     7 |    50 |    24 |    28 |    10 ||   119
         Petrified         |       |       |       |       |     4 |       |       ||     4
         Distracted        |       |       |       |       |    16 |    17 |       ||    33
 Armour: Robe              |     3 |    13 |    37 |    23 |       |       |       ||    76
         Steam dragon scal |       |       |       |   113 |   232 |   233 |    28 ||   606
  Dodge: Dodged            |     4 |    40 |   178 |   445 |   804 |   931 |   186 ||  2588
  Block: Other             |       |     9 |    56 |    29 |       |       |       ||    94
         Reflection        |       |       |     3 |    23 |    35 |   144 |    16 ||   221
         Buckler           |       |       |       |   286 |   645 |       |       ||   931
         Kite shield       |       |       |       |       |   200 |  1668 |   229 ||  2097

Table legend: (Time is in decaauts)
 A = Elapsed time spent in this place.
 B = Non-inter-level travel time spent in this place.
 C = Inter-level travel time spent in this place.
 D = Time resting spent in this place.
 E = Time spent auto-exploring this place.
 F = Levels seen in this place.
 G = Mean time per level.
                   A        B        C        D        E       F      G
               +--------+--------+--------+--------+--------+-----+--------+
         Total |  42034 |  39982 |   2052 |   4346 |  23948 |  31 | 1355.9 |
       Dungeon |  18659 |  17598 |   1061 |   1439 |  11454 |  15 | 1243.9 |
          Lair |   8034 |   7674 |    360 |    448 |   5024 |   5 | 1606.8 |
        Shoals |   5585 |   5489 |     96 |   1246 |   2628 |   4 | 1396.2 |
     Snake Pit |   6285 |   6127 |    158 |    947 |   3203 |   4 | 1571.2 |
  Orcish Mines |   2892 |   2517 |    375 |    167 |   1433 |   2 | 1446.0 |
      Gauntlet |    577 |    577 |      0 |     98 |    206 |   1 |  577.0 |
               +--------+--------+--------+--------+--------+-----+--------+

Top non-repeatable levels by time:
   Orc:2: 2735 daAuts
 Snake:3: 2502 daAuts
  Lair:3: 2178 daAuts
Shoals:2: 2119 daAuts
  Lair:5: 1861 daAuts
     D:9: 1834 daAuts
 Snake:4: 1747 daAuts
    D:11: 1713 daAuts
  Lair:2: 1619 daAuts
Shoals:3: 1591 daAuts
    D:10: 1589 daAuts
    D:12: 1501 daAuts
     D:6: 1487 daAuts
     D:8: 1469 daAuts
Shoals:1: 1468 daAuts
